AoeStats
← 索娜

Arabia

508398237Analyzed
1v1 RM · 10d ago on Sep 22, 2026· 32m 22s· 2 players
Game mode
Random Map
Map size
Tiny (2 player)
Population
200
Speed
Normal
Resources
Standard
Victory
Conquest
Starting age
Dark Age
Ending age
Imperial Age
RankedLock teamsTeams togetherTeam positionsShared explorationLock speedFull tech treeHidden civsTurbo modeCheats
Victory
Defeat
🇹🇼 Magyars · Taiwan
1138
+16
🇬🇧 Spanish · United Kingdom
1140
-16
索娜
5:42 Loom
8:52 Feudal Age
9:32 Double-Bit Axe
16:23 Gold Mining
19:01 Castle Age
18:15 Fletching
18:37 Bloodlines
19:39 Bodkin Arrow
19:53 Husbandry
29:10 Heated Shot
29:49 Ballistics
TTVPyrex_Live
11:12 Feudal Age
13:13 Loom
16:15 Castle Age
16:51 Stone Mining
21:43 Double-Bit Axe
Connection lost

Rejoining the realm…

Still unreachable

The connection could not be restored.

Session expired

The server has moved on; the page needs a fresh start.